HSSL
TEMISKAMING DISTRICT SECONDARY SCHOOL SAINTS @ MARIS SCHOOL
04/10/2025
 
TOP OF THE 1ST
Temiskaming District Secondary School Saints batting - Pitching for Maris School : LHP Anthony Lewis
Pitching: LHP Anthony Lewis
Batting: RHB George Gardner 0-0: SOLO HOME RUN (Flyball, 8LXD), Distance : 444 ft
Batting: RHB Beau McNeill 0-0: Ball
1-0: Called Strike
1-1: Foul Ball, location: 2F
1-2: Ball
2-2: Ball
3-2: Foul Ball, location: 2F
3-2: Foul Ball, location: 2F
3-2: Foul Ball, location: 2F
3-2: Base on Balls
Batting: RHB Fred Moulds 0-0: Ball
1-0: Called Strike
1-1: Ball
2-1: Called Strike
2-2: Ball
3-2: Fly out, F7 (Flyball, 78S)
Batting: RHB Orlando González 0-0: Called Strike
0-1: Called Strike
0-2: Ball
1-2: DOUBLE (Groundball, 5L)
Beau McNeill to third
Batting: LHB Ken Sosa 0-0: Swinging Strike
0-1: Fly out, F9 (Flyball, 89M)
Runner from 3rd tags up, SCORES, throw made
Batting: LHB Carlos Músquez 0-0: Foul Ball, location: 2F
0-1: Foul Ball, location: 2F
0-2: Ball
1-2: Ball
2-2: Ball
3-2: Base on Balls
Batting: RHB Juan Encarnación 0-0: Ball
1-0: Ball
2-0: Ball
3-0: Base on Balls
Orlando González to third
Carlos Músquez to second
Batting: RHB John Weber 0-0: Ground out 5-3 (Groundball, 56S)
Top of the 1st over - 2 run(s), 2 hit(s), 0 error(s), 3 left on base; Temiskaming District Secondary School 2 - Maris School 0
BOTTOM OF THE 1ST
Maris School batting - Pitching for Temiskaming District Secondary School Saints : RHP Jeff Paul
Pitching: RHP Jeff Paul
Batting: RHB Jason Ward 0-0: DOUBLE (Flyball, 7M)
Batting: RHB Phil Poole 0-0: Ball
1-0: Foul Ball, location: 2F
1-1: Ball
2-1: Ball
3-1: Base on Balls
Batting: RHB Dan Duckworth 0-0: Swinging Strike
0-1: Ball
1-1: Swinging Strike
1-2: Fielders Choice at 2nd, 1-6 (Groundball, 25)
Jason Ward to third
Batting: LHB Ryan Martin 0-0: Called Strike
0-1: Swinging Strike
0-2: Strikes out swinging
Batting: RHB John Scammell 0-0: Ball
1-0: Fly out, F9 (Flyball, 89M)
Bottom of the 1st over - 0 run(s), 1 hit(s), 0 error(s), 2 left on base; Temiskaming District Secondary School 2 - Maris School 0
TOP OF THE 2ND
Temiskaming District Secondary School Saints batting - Pitching for Maris School : LHP Anthony Lewis
Batting: SHB Stanley Ryan 0-0: Ball
1-0: Ball
2-0: Ball
3-0: Base on Balls
Batting: RHB George Gardner 0-0: Ball
1-0: Swinging Strike
1-1: Ball
2-1: Ball
3-1: Foul Ball, location: 2F
3-2: Base on Balls
Stanley Ryan to second
Batting: RHB Beau McNeill 0-0: Called Strike
0-1: Foul Ball, location: 2F
0-2: Foul Ball, location: 2F
0-2: Ball
1-2: Ball
2-2: Ground out 6-3 (Groundball, 6S)
Stanley Ryan to third
George Gardner to second
Batting: RHB Fred Moulds 0-0: Ball
1-0: Ball
2-0: Called Strike
2-1: Ball
3-1: SINGLE (Line Drive, 6M)
Stanley Ryan scores
George Gardner to third
Batting: RHB Orlando González 0-0: Foul Ball, location: 2F
0-1: Called Strike
0-2: Strikes out looking
Batting: LHB Ken Sosa 0-0: Ball
1-0: Called Strike
1-1: Swinging Strike
Passed Ball!
George Gardner scores
Fred Moulds to second
1-2: Foul Ball, location: 2F
1-2: SINGLE (Groundball, 4M)
Fred Moulds to third
Runner from 3rd tries for Home, SAFE, no throw or cutoff
Batting: LHB Carlos Músquez 0-0: Ball
1-0: SINGLE (Groundball, 34D)
Ken Sosa to second
Runner from 2nd tries for 3rd, OUT!
Top of the 2nd over - 3 run(s), 3 hit(s), 0 error(s), 1 left on base; Temiskaming District Secondary School 5 - Maris School 0
BOTTOM OF THE 2ND
Maris School batting - Pitching for Temiskaming District Secondary School Saints : RHP Jeff Paul
Batting: RHB Bruce Adams 0-0: Ball
1-0: Ball
2-0: Ball
3-0: Base on Balls
Batting: RHB Dave McGuire 0-0: Called Strike
0-1: Called Strike
0-2: Reached on error, E5 (Groundball, 56)
Bruce Adams to second
Batting: RHB Doug Carter 0-0: Ball
1-0: Called Strike
1-1: Foul Ball, location: 2F
1-2: Strikes out swinging
Batting: RHB Ed Jackson 0-0: Swinging Strike
0-1: Ball
1-1: Ball
2-1: Ball
3-1: Foul Ball, location: 2F
3-2: Fielders Choice at 2nd, 1-6 (Groundball, 15)
Bruce Adams to third
Batting: RHB Jason Ward 0-0: Ball
1-0: Ball
2-0: Called Strike
2-1: Foul Ball, location: 2F
2-2: Ground out 6-3 (Groundball, 6)
Bottom of the 2nd over - 0 run(s), 0 hit(s), 1 error(s), 2 left on base; Temiskaming District Secondary School 5 - Maris School 0
TOP OF THE 3RD
Temiskaming District Secondary School Saints batting - Pitching for Maris School : LHP Anthony Lewis
Batting: RHB Juan Encarnación 0-0: Ball
1-0: Called Strike
1-1: Fly out, F3 (Popup, 3)
Batting: RHB John Weber Error on foul ball, E2
0-1: Called Strike
0-2: Foul Ball, location: 2F
0-2: Ground out U3 (Groundball, 3)
Batting: SHB Stanley Ryan 0-0: Ball
1-0: Called Strike
1-1: Swinging Strike
1-2: Ball
2-2: Foul Ball, location: 2F
2-2: Foul Ball, location: 2F
2-2: Strikes out swinging
Top of the 3rd over - 0 run(s), 0 hit(s), 1 error(s), 0 left on base; Temiskaming District Secondary School 5 - Maris School 0
BOTTOM OF THE 3RD
Maris School batting - Pitching for Temiskaming District Secondary School Saints : RHP Jeff Paul
Batting: RHB Phil Poole 0-0: Ball
1-0: Ball
2-0: Bunt missed!
2-1: Ball
3-1: Fly out, F8 (Flyball, 8RM)
Batting: RHB Dan Duckworth 0-0: Foul Ball, location: 2F
0-1: Ball
1-1: Ball
2-1: Ball
3-1: SINGLE (Line Drive, 56)
Batting: LHB Ryan Martin 0-0: Called Strike
0-1: 2-RUN HOME RUN (Flyball, 89XD), Distance : 436 ft
Batting: RHB John Scammell 0-0: Foul Ball, location: 2F
0-1: Ball
1-1: Ball
2-1: Called Strike
2-2: Foul Ball, location: 2F
2-2: Ball
3-2: Base on Balls
Batting: RHB Bruce Adams 0-0: Ball
1-0: Swinging Strike
1-1: Ball
2-1: Swinging Strike
2-2: Foul Ball, location: 2F
2-2: Ball
3-2: Base on Balls
John Scammell to second
Batting: RHB Dave McGuire 0-0: Ball
1-0: Swinging Strike
1-1: Grounds into double play, 5-4-3 (Groundball, 56)
Bottom of the 3rd over - 2 run(s), 2 hit(s), 0 error(s), 1 left on base; Temiskaming District Secondary School 5 - Maris School 2
TOP OF THE 4TH
Temiskaming District Secondary School Saints batting - Pitching for Maris School : LHP Anthony Lewis
Batting: RHB George Gardner 0-0: Called Strike
0-1: SINGLE (Groundball, 4MD)
Pitching: RHP Rob Mullins
Batting: RHB Beau McNeill 0-0: Ball
1-0: Swinging Strike
1-1: Grounds into double play, 4-6-3 (Groundball, 4)
Batting: RHB Fred Moulds 0-0: Ball
1-0: Called Strike
1-1: Ground out 6-3 (Groundball, 6)
Top of the 4th over - 0 run(s), 1 hit(s), 0 error(s), 0 left on base; Temiskaming District Secondary School 5 - Maris School 2
BOTTOM OF THE 4TH
Maris School batting - Pitching for Temiskaming District Secondary School Saints : RHP Jeff Paul
Batting: RHB Doug Carter 0-0: Ball
1-0: Ball
2-0: Called Strike
2-1: Called Strike
2-2: SINGLE (Groundball, 6MD)
Batting: RHB Ed Jackson 0-0: Swinging Strike
0-1: Foul Ball, location: 2F
0-2: Ball
1-2: Strikes out swinging
Batting: RHB Jason Ward 0-0: Ball
1-0: Called Strike
1-1: Called Strike
1-2: SINGLE (Groundball, 5D)
Doug Carter to second
Batting: RHB Phil Poole 0-0: Ball
1-0: Foul Ball, location: 2F
1-1: Ball
2-1: Foul Ball, location: 2F
2-2: Ball
3-2: SINGLE (Groundball, 4M)
Doug Carter to third
Jason Ward to second
Runner from 3rd tries for Home, SAFE, throw made home
Jason Ward to third
Phil Poole to second
Pitching: LHP François Séguin
Batting: RHB Dan Duckworth 0-0: Swinging Strike
0-1: SINGLE (Groundball, 56)
Jason Ward scores
Phil Poole to third
Runner from 3rd tries for Home, SAFE, no throw or cutoff
Batting: LHB Ryan Martin 0-0: Ball
Wild Pitch!
Dan Duckworth to second
1-0: Ball
2-0: Called Strike
2-1: Ground out 6-3 (Groundball, 56)
Batting: RHB John Scammell 0-0: Ball
1-0: Ball
2-0: SINGLE (Line Drive, 7S)
Dan Duckworth to third
Batting: RHB Bruce Adams 0-0: Ball
1-0: Ball
2-0: Called Strike
2-1: Called Strike
2-2: Foul Ball, location: 2F
2-2: Ball
3-2: Base on Balls
John Scammell to second
Batting: RHB Dave McGuire 0-0: Called Strike
0-1: Ball
1-1: Fly out, F8 (Flyball, 8LM)
Bottom of the 4th over - 3 run(s), 5 hit(s), 0 error(s), 3 left on base; Temiskaming District Secondary School 5 - Maris School 5
TOP OF THE 5TH
Temiskaming District Secondary School Saints batting - Pitching for Maris School : RHP Rob Mullins
Batting: RHB Orlando González 0-0: Ball
1-0: Ball
2-0: Fly out, F8 (Flyball, 8RM)
Batting: LHB Ken Sosa 0-0: DOUBLE (Line Drive, 78XD)
Batting: LHB Carlos Músquez 0-0: Called Strike
0-1: Ball
1-1: SINGLE (Groundball, 4MD)
Ken Sosa to third
Runner from 3rd tries for Home, SAFE, throw made home
Batting: RHB Juan Encarnación 0-0: Called Strike
0-1: Foul Ball, location: 2F
0-2: Strikes out looking
Batting: RHB John Weber 0-0: Foul Ball, location: 2F
0-1: Ball
1-1: Ground out 2-3 (Groundball, 2L)
Top of the 5th over - 1 run(s), 2 hit(s), 0 error(s), 1 left on base; Temiskaming District Secondary School 6 - Maris School 5
BOTTOM OF THE 5TH
Maris School batting - Pitching for Temiskaming District Secondary School Saints : LHP François Séguin
Batting: RHB Doug Carter 0-0: SINGLE (Groundball, 56D)
Batting: RHB Ed Jackson 0-0: Called Strike
0-1: Fielders Choice at 2nd, 6-4 (Groundball, 6M)
Batting: RHB Jason Ward 0-0: Ball
1-0: Ball
2-0: Called Strike
2-1: DOUBLE (Groundball, 5L)
Ed Jackson to third
Batting: RHB Phil Poole 0-0: Ball
1-0: Ball
2-0: Foul Ball, location: 2F
2-1: Foul Ball, location: 2F
2-2: Ball
3-2: Foul Ball, location: 2F
3-2: TRIPLE (Flyball, 8LM)
Ed Jackson scores
Jason Ward scores
Batting: RHB Dan Duckworth 0-0: Ball
1-0: Called Strike
1-1: Ball
2-1: Swinging Strike
2-2: Ball
3-2: Foul Ball, location: 2F
3-2: Strikes out swinging
Batting: LHB Ryan Martin 0-0: Called Strike
0-1: Ball
1-1: Ball
2-1: Ball
3-1: Base on Balls
Batting: RHB John Scammell 0-0: Called Strike
0-1: Swinging Strike
0-2: Ball
1-2: Ball
2-2: Strikes out swinging
Bottom of the 5th over - 2 run(s), 3 hit(s), 0 error(s), 2 left on base; Temiskaming District Secondary School 6 - Maris School 7
TOP OF THE 6TH
Temiskaming District Secondary School Saints batting - Pitching for Maris School : RHP Rob Mullins
Batting: SHB Stanley Ryan 0-0: Called Strike
0-1: DOUBLE (Line Drive, 3L)
Batting: RHB George Gardner 0-0: Ball
1-0: Ground out 6-3 (Groundball, 6)
Batting: RHB Beau McNeill 0-0: Called Strike
0-1: Ball
1-1: Ball
2-1: Ball
3-1: Called Strike
3-2: Base on Balls
Batting: RHB Fred Moulds 0-0: Ball
1-0: Swinging Strike
1-1: SINGLE (Groundball, 6M)
Stanley Ryan to third
Beau McNeill to second
Runner from 3rd tries for Home, SAFE, throw made home
Batting: RHB Orlando González 0-0: Ball
Beau McNeill steals 3rd base
Fred Moulds to second
1-0: Ball
2-0: Ball
3-0: Called Strike
3-1: Base on Balls
Batting: LHB Ken Sosa 0-0: DOUBLE (Groundball, 3L)
Beau McNeill scores
Fred Moulds scores
Orlando González to third
Runner from 3rd tries for Home, throw and OUT!
Ken Sosa to third
Pitching: RHP Gabriel Mills
Batting: LHB Carlos Músquez 0-0: Ball
1-0: Foul Ball, location: 2F
1-1: Called Strike
1-2: Ball
2-2: SINGLE (Line Drive, 9S)
Ken Sosa scores
Batting: RHB Juan Encarnación 0-0: Ground out 6-3 (Groundball, 6)
Top of the 6th over - 4 run(s), 4 hit(s), 0 error(s), 1 left on base; Temiskaming District Secondary School 10 - Maris School 7
BOTTOM OF THE 6TH
Maris School batting - Pitching for Temiskaming District Secondary School Saints : LHP François Séguin
Batting: RHB Bruce Adams 0-0: SINGLE (Groundball, 34D)
Pitching: RHP Derrek Sánchez
Batting: RHB Dave McGuire 0-0: 2-RUN HOME RUN (Flyball, 7D), Distance : 415 ft
Batting: RHB Doug Carter 0-0: Ball
1-0: Ball
2-0: Ball
3-0: Base on Balls
Batting: RHB Ed Jackson 0-0: Ball
1-0: Foul Ball, location: 2F
1-1: Foul Ball, location: 2F
1-2: Ball
2-2: Ball
3-2: Fly out, F8 (Flyball, 89M)
Batting: RHB Jason Ward 0-0: Hit by Pitch
Doug Carter to second
Batting: RHB Phil Poole 0-0: Ball
1-0: Ball
2-0: Foul Ball, location: 2F
Single, Error in OF, E8, batter to second base
Doug Carter scores
Jason Ward to third
Batting: RHB Dan Duckworth 0-0: Called Strike
0-1: Foul Ball, location: 2F
0-2: Ball
1-2: Strikes out looking
Batting: LHB Ryan Martin 0-0: Swinging Strike
0-1: Foul Ball, location: 2F
0-2: Strikes out swinging
Bottom of the 6th over - 3 run(s), 3 hit(s), 1 error(s), 2 left on base; Temiskaming District Secondary School 10 - Maris School 10
TOP OF THE 7TH
Temiskaming District Secondary School Saints batting - Pitching for Maris School : RHP Gabriel Mills
Batting: RHB John Weber 0-0: Called Strike
0-1: Ball
1-1: Called Strike
1-2: Hit by Pitch
Batting: SHB Stanley Ryan 0-0: Called Strike
0-1: Ball
1-1: Ball
2-1: Ball
3-1: Called Strike
3-2: Strikes out swinging
Batting: RHB George Gardner 0-0: Called Strike
John Weber steals 2nd base
0-1: Called Strike
0-2: Foul Ball, location: 2F
0-2: Ball
1-2: Foul Ball, location: 2F
1-2: Ball
2-2: Strikes out swinging
Batting: RHB Beau McNeill 0-0: Ball
1-0: Called Strike
1-1: Called Strike
1-2: Ball
2-2: Foul Ball, location: 2F
2-2: Fly out, F9 (Flyball, 9LM)
Top of the 7th over - 0 run(s), 0 hit(s), 0 error(s), 1 left on base; Temiskaming District Secondary School 10 - Maris School 10
BOTTOM OF THE 7TH
Maris School batting - Pitching for Temiskaming District Secondary School Saints : RHP Derrek Sánchez
Batting: RHB John Scammell 0-0: Called Strike
0-1: Ball
1-1: Ball
2-1: Ball
3-1: Swinging Strike
3-2: Strikes out swinging
Batting: RHB Bruce Adams 0-0: Ground out 6-3 (Groundball, 6)
Batting: RHB Dave McGuire 0-0: Ball
1-0: Swinging Strike
1-1: Fly out, F3 (Popup, 13S)
Bottom of the 7th over - 0 run(s), 0 hit(s), 0 error(s), 0 left on base; Temiskaming District Secondary School 10 - Maris School 10
TOP OF THE 8TH
Temiskaming District Secondary School Saints batting - Pitching for Maris School : RHP Gabriel Mills
Batting: RHB Fred Moulds 0-0: Called Strike
0-1: Ball
1-1: Ball
2-1: Ball
3-1: Base on Balls
Pitching: RHP Alonso Dupree
Batting: RHB Orlando González 0-0: Foul Ball, location: 2F
0-1: Ball
1-1: Foul Ball, location: 2F
1-2: Strikes out swinging
Batting: LHB Ken Sosa 0-0: Ball
1-0: 2-RUN HOME RUN (Flyball, 7LD), Distance : 352 ft
Batting: LHB Carlos Músquez 0-0: Ball
1-0: Called Strike
1-1: Ball
2-1: Ground out 4-3 (Groundball, 4)
Batting: RHB Juan Encarnación 0-0: Called Strike
0-1: SINGLE (Groundball, 34D)
Batting: RHB John Weber 0-0: Called Strike
0-1: Ball
1-1: Ball
2-1: Swinging Strike
2-2: Foul Ball, location: 2F
2-2: Strikes out swinging
Top of the 8th over - 2 run(s), 2 hit(s), 0 error(s), 1 left on base; Temiskaming District Secondary School 12 - Maris School 10
BOTTOM OF THE 8TH
Maris School batting - Pitching for Temiskaming District Secondary School Saints : RHP Derrek Sánchez
Pitching: RHP Carlos Ortíz
Batting: RHB Doug Carter 0-0: Ground out 3-1 (Groundball, 34S)
Batting: RHB Ed Jackson 0-0: Swinging Strike
0-1: Ball
1-1: Foul Ball, location: 2F
1-2: Foul Ball, location: 2F
1-2: Ball
2-2: Foul Ball, location: 2F
2-2: Ball
3-2: Fly out, F5 (Popup, 25F)
Batting: RHB Jason Ward 0-0: Ball
1-0: Ball
2-0: SINGLE (Groundball, 6M)
Batting: RHB Phil Poole 0-0: Called Strike
0-1: Ball
1-1: Swinging Strike
1-2: Ball
2-2: Foul Ball, location: 2F
2-2: Strikes out looking
Bottom of the 8th over - 0 run(s), 1 hit(s), 0 error(s), 1 left on base; Temiskaming District Secondary School 12 - Maris School 10
TOP OF THE 9TH
Temiskaming District Secondary School Saints batting - Pitching for Maris School : RHP Alonso Dupree
Batting: SHB Stanley Ryan 0-0: Ball
1-0: Foul Ball, location: 2F
1-1: Ball
2-1: Ball
3-1: Base on Balls
Batting: RHB George Gardner 0-0: Bunted foul
0-1: Sac Bunt - play at first, batter OUT! 1-4
Stanley Ryan to second
Batting: RHB Beau McNeill 0-0: Ball
1-0: Ground out 4-3 (Groundball, 4)
Stanley Ryan to third
Batting: RHB Fred Moulds 0-0: Called Strike
0-1: Ball
1-1: Ball
2-1: Ball
3-1: Foul Ball, location: 2F
3-2: Foul Ball, location: 2F
3-2: Foul Ball, location: 2F
3-2: Strikes out swinging
Top of the 9th over - 0 run(s), 0 hit(s), 0 error(s), 1 left on base; Temiskaming District Secondary School 12 - Maris School 10
BOTTOM OF THE 9TH
Maris School batting - Pitching for Temiskaming District Secondary School Saints : RHP Carlos Ortíz
Pitching: RHP Chris Roy
Batting: RHB Dan Duckworth 0-0: Swinging Strike
0-1: Fly out, F7 (Flyball, 7M)
Batting: LHB Ryan Martin 0-0: Swinging Strike
0-1: Ball
1-1: Swinging Strike
1-2: Foul Ball, location: 2F
1-2: Ball
2-2: Ball
3-2: Strikes out swinging
Batting: RHB John Scammell 0-0: SINGLE (Groundball, 13) (infield hit)
Batting: RHB Bruce Adams 0-0: SINGLE (Flyball, 7M)
John Scammell to second
Batting: RHB Dave McGuire 0-0: Foul Ball, location: 2F
0-1: Ball
1-1: Ball
2-1: Ball
3-1: 3-RUN HOME RUN (Flyball, 7LD), Distance : 373 ft
This league is powered by Out of the Park Baseball, the baseball management simulation game for PC, Mac and Linux
Tuesday, August 2nd, 2016 - OOTP Baseball 16.8 Build 38